 Dungeon Crawl Stone Soup version 0.16-a0-621-gdc21f72 (webtiles) character file.

188 PolkaDot the Caller (level 5, -3/35 HPs)
             Began as a Vampire Summoner on Sept 17, 2014.
             Slain by Afay's ghost (13 damage)
             ... on Level 4 of the Dungeon.
             The game lasted 00:09:33 (3404 turns).

PolkaDot the Caller (Vampire Summoner)              Turns: 3404, Time: 00:09:34

HP  -3/35        AC  3     Str  7      XL: 5   Next: 39%
MP   6/9         EV 12     Int 23      God:
Gold 199         SH  0     Dex 14      Spells:  2 memorised,  4 levels left

rFire  . . .     SeeInvis +     i - +0 spear
rCold  . . .     Clarity  .     a - +0 robe
rNeg   . . .     rCorr    .     (no shield)
rPois  .         rRot     .     (no helmet)
rElec  .         Spirit   .     (no cloak)
SustAb .         Warding  .     (no gloves)
rMut   .         Stasis   .     e - +0 pair of boots
Gourm  .                        (no amulet)
MR     .....                    (no ring)
                                (no ring)

@: brilliant, lethally poisoned, regenerating quickly, not resistant to hostile
enchantments, unstealthy
A: fangs 3, see invisible, unbreathing
a: no special abilities


You were on level 4 of the Dungeon.
You were very full.

You visited 1 branch of the dungeon, and saw 4 of its levels.

You collected 199 gold pieces.

Inventory:

Hand weapons
 i - a +0 spear (weapon)
Armour
 a - a +0 robe (worn)
 e - a +0 pair of boots (worn)
Scrolls
 c - 3 scrolls of identify {unknown}
 g - 4 scrolls of remove curse {unknown}
 j - a scroll of fear {unknown}
 l - a scroll of magic mapping {unknown}
 m - a scroll of immolation {unknown}
Potions
 f - a potion of curing {unknown}
 h - a potion of degeneration {unknown}
 k - a potion of lignification {unknown}
 n - a potion of mutation {unknown}
Books
 b - a book of Callings

   Spells                             Type                      Level
   *Summon Small Mammal               Summoning                    1
   Call Imp                           Summoning                    2
   *Call Canine Familiar              Summoning                    3
   Summon Guardian Golem              Hexes/Summoning              4
   Summon Lightning Spire             Summoning/Air                4
   Summon Ice Beast                   Ice/Summoning                4


   Skills:
 - Level 2.1 Dodging
 - Level 3.0 Stealth
 - Level 2.0 Spellcasting
 + Level 6.7 Summonings


You had 4 spell levels left.
You knew the following spells:

 Your Spells              Type           Power        Failure   Level  Hunger
a - Summon Small Mammal   Summ           ####         1%          1    #......
d - Call Canine Familiar  Summ           #####...     1%          3    ###....


Dungeon Overview and Level Annotations

Branches:
Dungeon (4/15)
 Temple: D:4-7

Altars:
Cheibriados
Qazlal
Yredelemnul

Shops:
D:4 =

Annotations:
D:4 Afay's ghost, average MiFi


Innate Abilities, Weirdness & Mutations

Your natural rate of healing is unusually fast.
You have razor-sharp teeth.
You have supernaturally acute eyesight.
You can survive without breathing.


Message History

Your hound barely misses Afay's ghost.
Casting: Call Canine Familiar
Confirm with . or Enter, or press ? or * to list all spells.
Your hound disappears in a puff of smoke!
The worker ant bites you.
You are poisoned.
The worker ant poisons you! Afay's ghost hits you.
The goblin barely misses you.
You hit Afay's ghost but do no damage. Your bite misses Afay's ghost.
Afay's ghost is lightly damaged.
You feel sick. The worker ant misses you. The goblin barely misses you.
Afay's ghost hits you. The worker ant closely misses you.
Your wolf bites the goblin.
You swap places.
Your wolf barely misses the goblin.
Afay's ghost hits you!
* * * LOW HITPOINT WARNING * * *
The goblin hits you but does no damage. The worker ant bites your wolf.
You hit the goblin.
You kill the goblin!
You feel sick.
Your wolf bites the worker ant.
Afay's ghost hits you!
You die...

......#.. ..# ........
...... ......# ......
......+ ..<.. ......#
..... ...)..###+### #...
......##....#####.#######
................%Wa.......
......##........@h..#
......###.#.........#.#
......# #.#...........#
......# #.................
.........................
.........................
.####.#####.########.....
... ...? .... .... ...


You could see a worker ant, Afay's ghost and a friendly wolf.

Vanquished Creatures
  Ijyb (D:2)
  2 adders
  A giant gecko (D:2)
  4 orcs (D:3)
  13 bats
  10 goblins
  6 hobgoblins
  2 jackals (D:3)
  An ooze (D:3)
  A quokka (D:3)
  A ball python (D:1)
  A giant cockroach (D:1)
  4 giant newts
  6 kobolds
  8 rats
61 creatures vanquished.

Vanquished Creatures (collateral kills)
  The ghost of asdu the Cudgeler, a weakling VSBe of Trog (D:3)
  A worker ant (D:4)
  An orc wizard (D:3)
  5 adders
  A worm (D:2)
  An orc (D:3)
  2 bats (D:3)
  2 hobgoblins
  A jackal (D:2)
  2 giant geckos (D:1)
  A goblin (D:1)
18 creatures vanquished.

Vanquished Creatures (others)
  A hound (D:3)
  A quokka (D:3)
  A bat (D:3)
  2 rats (D:3)
5 creatures vanquished.

Grand Total: 84 creatures vanquished

Notes
Turn   | Place    | Note
--------------------------------------------------------------
     0 | D:1      | PolkaDot, the Vampire Summoner, began the quest for the Orb.
     0 | D:1      | Reached XP level 1. HP: 13/13 MP: 3/3
   222 | D:1      | Reached XP level 2. HP: 14/19 MP: 4/4
   832 | D:2      | Reached skill level 5 in Summonings
   832 | D:2      | Reached XP level 3. HP: 24/24 MP: 0/6
  1020 | D:2      | Found a basalt altar of Yredelemnul.
  1030 | D:2      | Noticed Ijyb
  1050 | D:2      | Killed Ijyb
  1216 | D:2      | Reached XP level 4. HP: 16/30 MP: 7/7
  1709 | D:2      | Found a stormy altar of Qazlal.
  1967 | D:3      | Found a snail-covered altar of Cheibriados.
  2158 | D:3      | Reached skill level 6 in Summonings
  2439 | D:3      | Noticed asdu's ghost (weakling VSBe)
  2444 | D:3      | Learned a level 3 spell: Call Canine Familiar
  2473 | D:3      | Killed asdu's ghost
  2473 | D:3      | Reached XP level 5. HP: 5/35 MP: 1/9
  3342 | D:4      | Found Ifuriry's Jewellery Shop.
  3392 | D:4      | Noticed Afay's ghost (average MiFi)
  3404 | D:4      | Slain by Afay's ghost

Action                   |  1- 3 |  4- 6 || total
-------------------------+-------+-------++-------
Melee: Unarmed           |    26 |       ||    26
       Dagger            |    80 |       ||    80
       Club              |     3 |       ||     3
       Spear             |    30 |   184 ||   214
 Cast: Summon Small Mamm |    15 |    14 ||    29
       Call Canine Famil |       |     6 ||     6
  Use: Potion            |     1 |     2 ||     3
 Stab: Sleeping          |     4 |    10 ||    14
       Invisible         |       |     2 ||     2
  Eat: Corpse            |    13 |    13 ||    26
